Map: Neon Violet Square LE

Players

Bearit

  • Race: Terran Terran
  • Spawn Location: 11:00

Crayok - Winner!

  • Race: Zerg Zerg
  • League: Silver
  • Spawn Location: 5:00

VOD

Have the link to the VOD?

Description

i hit at 5min, I'm working towards getting it down to 4min

Time

  • Played on: April 15, 2025, 10:15 p.m.
  • Length: 10:42
Show
View Real Time Build Order
Export as new Build Order

Bearit Terran 

Build Orders:  

Get SALT Encoding   

  12  0:00  SCV  
  13  0:18  SCV, Supply Depot  
  14  0:32  SCV  
  15  0:36  Supply Depot  
  15  0:44  SCV  
  15  0:49  Supply Depot  
  16  0:56  SCV  
  17  1:01  Supply Depot  
  17  1:08  SCV  
  18  1:17  Barracks  
  18  1:21  SCV  
  19  1:27  Refinery  
  19  1:32  Supply Depot  
  19  1:37  SCV  
  20  1:40  Refinery  
  20  1:53  SCV  
  21  2:03  Supply Depot  
  21  2:06  SCV  
  22  2:11  Bunker  
  22  2:12  Marine  
  23  2:21  Supply Depot  
  23  2:28  SCV  
  24  2:30  Marine  
  25  2:40  SCV  
  26  2:45  Supply Depot  
  26  2:48  Marine  
  27  2:51  Barracks  
  27  2:52  SCV  
  28  2:58  Engineering Bay  
  27  3:05  Marine  
  28  3:23  Marine, Supply Depot  
  29  3:35  Factory  
  29  3:41  Barracks Tech Lab, Marine  
  29  3:43  Terran Infantry Weapons Level 1  
  30  3:55  Missile Turret  
  30  3:59  Marine  
  31  4:04  Missile Turret  
  31  4:08  SCV  
  32  4:16  Combat Shield  
  32  4:17  Marine  
  33  4:26  Missile Turret  
  33  4:27  Factory Tech Lab  
  34  4:38  Supply Depot  
  34  4:44  Barracks Reactor  
  34  4:45  Marine  
  34  4:49  Siege Tank  
  37  4:59  Missile Turret  
  37  5:02  Missile Turret  
  37  5:03  Marine  
  31  5:21  Siege Tank  
  31  5:25  SCV  
  32  5:37  SCV  
  33  5:49  SCV  
  30  6:01  SCV  
  30  6:03  Siege Tank  
  34  6:09  Supply Depot  
  34  6:35  Siege Tank  
  34  6:41  Marine x3  
  34  6:45  SCV  
  31  6:57  SCV  
  31  6:58  Marine x2  
  31  6:59  Marine  
  35  7:08  Engineering Bay  
  35  7:09  SCV  
  36  7:16  Marine  
  36  7:21  Marine x2  
  39  7:24  SCV  
  40  7:34  Marine  
  31  8:05  Marine x3  
  34  8:16  SCV  
  35  8:23  Marine x3  
  26  8:41  Marine x3  
  29  9:10  Command Center  
Show
View Real Time Build Order
Export as new Build Order

Crayok Zerg - Winner!

Build Orders: Pool First 

Get SALT Encoding   

  12  0:05  Drone  
  13  0:19  Drone  
  14  0:31  Extractor  
  14  0:35  Spawning Pool  
  12  0:39  Drone x2  
  14  0:46  Overlord  
  14  1:06  Drone x2  
  16  1:18  Extractor  
  15  1:21  Drone  
  15  1:22  Queen  
  18  1:26  Overlord  
  18  1:35  Drone  
  19  1:45  Drone  
  20  1:56  Zergling x2  
  21  2:02  Lair  
  21  2:13  Drone  
  22  2:37  Drone x2  
  22  2:39  Overlord x2  
  24  3:04  Infestation Pit  
  22  3:08  Nydus Network  
  22  3:11  Overlord x2  
  21  3:19  Overseer  
  21  3:26  Drone x2  
  23  3:27  Drone  
  24  3:42  Queen  
  32  4:02  Nydus Canal  
  44  5:01  Burrow  
  47  5:26  Hatchery  
  46  5:32  Drone x3  
  46  5:33  Drone x5  
  54  6:23  Overlord  
  54  6:24  Overlord x3  
  60  6:51  Hatchery  
  60  6:54  Spore Crawler  
  67  7:14  Hydralisk Den  
  72  7:51  Drone x2  
  74  7:55  Drone x3  
  74  7:58  Queen x2  
  81  8:02  Hydralisk  
  83  8:07  Hydralisk x2  
  87  8:21  Drone x4  
  91  8:33  Queen  
  91  8:34  Overlord x2  
  93  9:08  Hydralisk x7  
  93  9:09  Hydralisk  
  109  9:12  Grooved Spines  
  109  9:58  Hydralisk x3  
  109  9:59  Hydralisk x3  
  121  10:00  Hydralisk  
  113  10:22  Zergling x10  
  113  10:23  Zergling x6  
Tags
 
Add a new tag
Caveats
  • Supply blocks, unpowered buildings, or Contaminate may cause inaccurate times.
  • Supply counts are checked every 10 seconds.